 Dungeon Crawl Stone Soup version 0.22.0-49-gab54619 (webtiles) character file.

59 inc the Conjurer (level 4, 0/27 HPs)
             Began as an Octopode Fire Elementalist on Sept 6, 2018.
             Slain by a centaur zombie (8 damage)
             ... on level 3 of the Dungeon.
             The game lasted 00:01:40 (1830 turns).

inc the Conjurer (Octopode Fire Elementalist)       Turns: 1830, Time: 00:01:41

Health: 0/27       AC:  1    Str:  5    XL:     4   Next: 3%
Magic:  0/7        EV: 13    Int: 18    God:
Gold:   87         SH:  0    Dex: 12    Spells: 6/7 levels left

rFire    . . .     SeeInvis .   (no weapon)
rCold    . . .     Gourm    .   (no shield)
rNeg     . . .     Faith    .   (helmet restricted)
rPois    .         Spirit   .   (no amulet)
rElec    .         Reflect  .   j - -2 ring of strength (curse)
rCorr    .         Harm     .   (no ring)
MR       .....                  (no ring)
Stlth    +++.......             (no ring)
HPRegen  0.09/turn              (no ring)
MPRegen  0.10/turn              (no ring)
                                (no ring)
                                (no ring)

@: no status effects
A: almost no armour, stealthy swim, amphibious, 8 rings, constrict 8, camouflage
1, gelatinous body 1
a: no special abilities


You were on level 3 of the Dungeon.
You were hungry.

You visited 1 branch of the dungeon, and saw 3 of its levels.

You collected 87 gold pieces.

Inventory:

Jewellery
 j - a cursed -2 ring of strength (left tentacle)
Scrolls
 a - a scroll of amnesia {unknown}
 c - 2 scrolls of identify {unknown}
 d - a scroll of magic mapping {unknown}
 e - a scroll of teleportation {unknown}
 i - a scroll of fear {unknown}
Potions
 g - a potion of agility {unknown}
 h - a potion of haste {unknown}
Comestibles
 b - 3 rations


   Skills:
 - Level 2.0 Dodging
 - Level 2.6 Stealth
 - Level 2.0 Spellcasting
 + Level 3.7 Conjurations
 - Level 3.0 Fire Magic


You had 6 spell levels left.
You knew the following spells:

 Your Spells              Type           Power        Failure   Level  Hunger
a - Flame Tongue          Conj/Fire      ##...        4%          1    #......

Your spell library contained the following spells:

 Spells                   Type           Power        Failure   Level  Hunger
 Throw Flame              Conj/Fire      ##....       7%          2    ###....
 Conjure Flame            Conj/Fire      ##......     14%         3    ###....
 Inner Flame              Hex/Fire       #.......     28%         3    ###....
 Sticky Flame             Conj/Fire      ##......     41%         4    #####..
 Fireball                 Conj/Fire      ##........   77%         5    ######.


Dungeon Overview and Level Annotations

Branches:
Dungeon (3/15)

Altars:


Innate Abilities, Weirdness & Mutations

You cannot wear most types of armour.
You are very stealthy in the water. (Stealth+)
You are amphibious.
You can wear up to eight rings at the same time.
You can use your tentacles to constrict eight enemies at once.
Your skin changes colour to match your surroundings (Stealth+).
Your rubbery body absorbs attacks. (AC +1, EV +1)


Message History

Confirm with . or Enter, or press ? or * to list all spells.
You don't have enough magic to cast that spell.
Casting: Flame Tongue (safe; 4% risk of failure)
Confirm with . or Enter, or press ? or * to list all spells.
You don't have enough magic to cast that spell.
You barely miss the centaur zombie. The centaur zombie hits you.
Casting: Flame Tongue (safe; 4% risk of failure)
Confirm with . or Enter, or press ? or * to list all spells.
You don't have enough magic to cast that spell.
You tentacle-slap the centaur zombie. You squeeze the centaur zombie.
The centaur zombie is lightly damaged.
The centaur zombie hits you.
* * * LOW HITPOINT WARNING * * *
Casting: Flame Tongue (safe; 4% risk of failure)
Confirm with . or Enter, or press ? or * to list all spells.
You don't have enough magic to cast that spell.
You tentacle-slap the centaur zombie. You squeeze the centaur zombie.
The centaur zombie is moderately damaged.
The centaur zombie hits you!
You die...

#.# #.# #.# #.####
#....# ##
#....#######
##...###..........#
....?PZ@....#
##.....#..<.+
#.P...#....#
##....#.####
######.# #.# #.#
#.#


You could see a centaur zombie.

Vanquished Creatures
  An adder (D:2)
  An adder zombie (D:3)
  A worm (D:2)
  4 dart slugs
  6 bats
  A giant cockroach (D:2)
  3 goblins
  5 hobgoblins
  2 frilled lizards
  7 kobolds
  A quokka skeleton (D:3)
  5 rats
37 creatures vanquished.

Notes
Turn   | Place    | Note
-------+----------+-------------------------------------------
     0 | D:1      | inc the Octopode Fire Elementalist began the quest for the
                  | Orb.
     0 | D:1      | Reached XP level 1. HP: 11/11 MP: 3/3
   365 | D:1      | Reached XP level 2. HP: 16/17 MP: 3/5
  1011 | D:2      | Reached XP level 3. HP: 16/21 MP: 3/6
  1826 | D:3      | Reached XP level 4. HP: 20/27 MP: 1/7
  1830 | D:3      | Slain by a centaur zombie

Skill      XL: |  1  2  3 |
---------------+----------+-----
Conjurations   | 2 3 |  3.7
Dodging        | |  2.0
Stealth        | |  2.6
Spellcasting   | |  2.0
Fire Magic     | |  3.0

Action                   |  1- 3 |  4- 6 || total
-------------------------+-------+-------++-------
Melee: Unarmed           |    17 |     3 ||    20
       Constrict         |     5 |       ||     5
       Tentacles         |     2 |     2 ||     4
 Cast: Flame Tongue      |    67 |     2 ||    69
  Eat: Chunk             |     3 |       ||     3
Armor: Skin              |     3 |       ||     3
Dodge: Dodged            |    26 |     1 ||    27
